 Dungeon Crawl Stone Soup version 0.31-a0-1119-gf6f8548 (webtiles) character file.

Game seed: 2654165536069660679

30 PidgeyThePirate the Ruffian (level 2, -3/22 HPs)
             Began as a Demigod Shapeshifter on Dec 4, 2023.
             Slain by a gnoll
             ... wielding a +0 club
              (6 damage)
             ... on level 2 of the Dungeon.
             The game lasted 00:02:32 (1018 turns).

PidgeyThePirate the Ruffian (Demigod Shapeshifter)  Turns: 1018, Time: 00:02:33

Health: -3/22      AC:  2    Str: 15    XL:     2   Next: 87%
Magic:  4/4        EV: 12    Int: 12    God:
Gold:   25         SH:  0    Dex: 13    Spells: 1/1 levels left

rFire   . .          .
                       - Unarmed
rCold   . . .        (no shield)
rNeg    . . .        a - +0 animal skin
rPois   .            (helmet currently unavailable)
rElec   .            (cloak currently unavailable)
rCorr   .            (gloves currently unavailable)
SInv    .            (boots currently unavailable)
Will    .....        (no amulet)
Stlth   ++           (no ring)
HPRegen 0.23/turn    (no ring)
MPRegen 0.09/turn

%: no passive effects
@: beast-form
A: beast (slay +1), high MP 1, forlorn, divine attributes
a: Begin Untransformation


You were on level 2 of the Dungeon.
You were a hulking beast.
You visited 1 branch of the dungeon, and saw 2 of its levels.

You collected 25 gold pieces.

Inventory:

Armour
 a - a +0 animal skin (worn)
Talismans
 c - a beast talisman (active)
 d - a flux talisman
Scrolls
 g - 3 scrolls of identify {unknown}
Potions
 b - a potion of lignification
 e - a potion of magic {unknown}
 f - a potion of heal wounds {unknown}
 h - a potion of cancellation {unknown}


   Skills:
 + Level 0.9 Fighting
 + Level 1.8 Dodging
 + Level 1.4 Stealth
 + Level 3.3 Unarmed Combat
 + Level 2.7 Shapeshifting


You had one spell level left.
You didn't know any spells.
Your spell library contained the following spells:

 Spells                   Type           Power      Damage    Failure   Level
 Sublimation of Blood     Necr           0%         N/A       45%         2
 Petrify                  Tmut/Erth      0%         N/A       97%         4
 Irradiate                Conj/Tmut      0%         3d11      100%        5
 Simulacrum               Ice/Necr       0%         N/A       100%        6
 Ozocubu's Refrigeration  Ice            0%         4d7       100%        7
 Polar Vortex             Ice            0%         N/A       100%        9


Dungeon Overview and Level Annotations

Branches:
Dungeon (2/15)

Shops:
D:2 (


Innate Abilities, Weirdness & Mutations

You are a hulking beast.
Your limbs bulge with bestial killing power. (Slay +1)
You have an increased reservoir of magic. (+10% MP)
You shall have no god before yourself.
Your divine heritage dramatically boosts your attributes as you level up.


Message History

The giant cockroach bites you but does no damage.
The giant cockroach bites you.
You barely miss the giant cockroach. The giant cockroach closely misses you.
You hit the giant cockroach but do no damage.
The giant cockroach barely misses you.
You hit the giant cockroach.
The giant cockroach is moderately wounded.
The giant cockroach barely misses you.
You barely miss the giant cockroach.
The giant cockroach is moderately wounded.
The giant cockroach completely misses you.
You hit the giant cockroach.
You kill the giant cockroach!
Found a book of Party Tricks.
HP restored.
A bat comes into view.
The bat closely misses you.
You hit the bat.
You kill the bat! 2 gnolls come into view.
The gnoll shouts! x2; You hear a shout!
Found two stone staircases leading down.
A gnoll comes into view. It is wielding a +0 halberd.
The gnoll attacks as it pursues you!
The gnoll hits you from afar with a +0 spear.
You hit the gnoll.
The gnoll is moderately wounded.
The gnoll barely misses you. The gnoll closely misses you.
You barely miss the gnoll.
The gnoll is moderately wounded.
The gnoll hits you with a +0 club. The gnoll hits you with a +0 spear!
* * * LOW HITPOINT WARNING * * *
The gnoll closely misses you. The gnoll attacks as it pursues you!
The gnoll hits you with a +0 club.
* * * LOW HITPOINT WARNING * * *
The gnoll barely misses you. The gnoll barely misses you.
The gnoll attacks as it pursues you! The gnoll closely misses you.
The gnoll attacks as it pursues you! The gnoll hits you with a +0 club.
You die...

...... .# ............#
....##...................#
...###........ .......:...
...####......###..........
.....##...................
......#...................
......#..................#
......#..................#
................h........#
............#...g.........
.........)..#....##...#...
#...........#.........# $.
###.........#...g.....# .
#.........##..g.....#
#.........##........#
#.........##...(...##
#........##.......##


You could see 3 gnolls.

Vanquished Creatures
  3 dart slugs (D:1)
  2 endoplasms
  A giant cockroach (D:2)
  A goblin (D:1)
  3 hobgoblins (D:1)
  2 quokkas (D:1)
  4 ball pythons
  A bat (D:2)
  3 frilled lizards (D:1)
  4 rats (D:1)
24 creatures vanquished.

Notes
Turn   | Place    | Note
-------+----------+-------------------------------------------
     0 | D:1      | PidgeyThePirate the Demigod Shapeshifter began the quest
                  | for the Orb.
     0 | D:1      | Reached XP level 1. HP: 15/15 MP: 3/3
   197 | D:1      | Reached skill level 3 in Unarmed Combat
   341 | D:1      | Reached XP level 2. HP: 15/22 MP: 4/4
   402 | D:1      | Reached skill level 1 in Stealth
   914 | D:2      | Found Fuanoorph's Antique Weapon Shop.
  1018 | D:2      | Slain by a gnoll

Illustrated notes

Levels and vault maps discovered:
D:1:      onia_arrival_mini_maze_b, layout_loops_ring
D:2:      layout_basic, serial_shops, nicolae_lakefront_shop, basic_altar,
          grunt_ministairs_10, st_stairs_6, minmay_misc_feat_encased

Skill      XL: |  1  2 |
---------------+-------+-----
Unarmed Combat | 3 |  3.3
Stealth        | 1 |  1.4
Fighting       | |  0.9
Dodging        | |  1.8
Shapeshifting  | |  2.7

Action                     || total
---------------------------++-------
  Melee: Unarmed           ||    64
   Stab: Sleeping          ||     4
 Armour: Animal skin       ||    29
  Dodge: Dodged            ||    37
   Form: Beast             ||     1

Table legend: (Time is in decaauts)
 A = Elapsed time spent in this place.
 B = Non-inter-level travel time spent in this place.
 C = Inter-level travel time spent in this place.
 D = Time resting spent in this place.
 E = Time spent auto-exploring this place.
 F = Levels seen in this place.
 G = Mean time per level.
                   A        B        C        D        E       F      G
               +--------+--------+--------+--------+--------+-----+--------+
         Total |   1014 |    973 |     41 |      0 |    751 |   2 |  507.0 |
       Dungeon |   1014 |    973 |     41 |      0 |    751 |   2 |  507.0 |
               +--------+--------+--------+--------+--------+-----+--------+

Top non-repeatable levels by time:
     D:1: 834 daAuts
     D:2: 179 daAuts
